 Dungeon Crawl Stone Soup version 0.19-a0-1875-g4fea3da (webtiles) character file.

701 Amnesiac the Slasher (level 7, -2/45 HPs)
             Began as a Halfling Monk on Oct 13, 2016.
             Was a Priest of Trog.
             Killed by divine providence
             ... invoked by an orc priest
              (9 damage)
             ... on level 5 of the Dungeon.
             The game lasted 00:06:02 (4167 turns).

Amnesiac the Slasher (Halfling Monk)                Turns: 4167, Time: 00:06:03

Health: -2/45      AC: 21    Str: 17    XL:     7   Next: 98%
Magic:  7/7        EV:  5    Int:  8    God:    Trog [***...]
Gold:   171        SH:  0    Dex: 17    Spells: 0 memorised, 6 levels left

rFire  . . .     SeeInvis .     a - +0 falchion
rCold  . . .     Gourm    .     B - +0 crystal plate armour
rNeg   . . .     Faith    .     (shield restricted)
rPois  .         Spirit   .     (helmet restricted)
rElec  .         Dismiss  .     f - +0 cloak
rCorr  .         Reflect  .     D - +1 pair of gloves
MR     .....     Harm     .     w - +2 pair of boots {Stlth+}
Stlth  ..........               (no amulet)
                                (no ring)
                                A - +3 ring of strength

@: no status effects
A: antennae 1, mutation resistance 1, MP-powered wands
a: Berserk, Trog's Hand, Burn Spellbooks, Renounce Religion


You were on level 5 of the Dungeon.
You worshipped Trog.
Trog was most pleased with you.
You were not hungry.

You visited 1 branch of the dungeon, and saw 5 of its levels.

You collected 198 gold pieces.
You spent 27 gold pieces at shops.

Inventory:

Hand Weapons
 a - a +0 falchion (weapon)
Missiles
 C - 4 needles of frenzy
 J - a throwing net (quivered)
Armour
 d - a +0 leather armour of cold resistance
 f - a +0 cloak (worn)
 r - a +0 plate armour
 w - a +2 pair of boots of stealth (worn)
 B - a +0 crystal plate armour (worn)
 D - a +1 pair of gloves (worn)
Jewellery
 A - a +3 ring of strength (left hand)
Scrolls
 e - a scroll of fear {unknown}
 k - 5 scrolls of identify {unknown}
 l - 3 scrolls of magic mapping {unknown}
 m - 2 scrolls of recharging {unknown}
 o - 2 scrolls of fog {unknown}
 p - a scroll of immolation {unknown}
 q - a scroll of enchant armour {unknown}
 u - a scroll of blinking {unknown}
 x - a scroll of random uselessness {unknown}
 y - a scroll of amnesia {unknown}
 H - a scroll of enchant weapon {unknown}
 I - a scroll of teleportation {unknown}
Potions
 h - a potion of ambrosia
 s - 2 potions of lignification {unknown}
 v - 2 potions of might
 z - a potion of heal wounds {unknown}
 E - a potion of brilliance {unknown}
 F - 2 potions of degeneration {unknown}
Comestibles
 b - 3 slices of pizza
 c - 4 bread rations
 g - 2 beef jerkies
 i - 3 meat rations
 n - a royal jelly
 t - 3 fruits
 G - a chunk of flesh


   Skills:
 - Level 2.6 Fighting
 * Level 7.6 Long Blades
 + Level 2.5 Armour
 - Level 4.8 Dodging
 - Level 2.1 Stealth


You had 6 spell levels left.
You didn't know any spells.

Dungeon Overview and Level Annotations

Branches:
Dungeon (5/15)
 Temple: D:4-7

Altars:
Elyvilon
Sif Muna
Trog

Shops:
D:4 !

Annotations:
D:4 TotoDurand's ghost, novice DsFi


Innate Abilities, Weirdness & Mutations

You are small and have problems with some larger weapons.
You are somewhat resistant to further mutation.
You have a pair of small antennae on your head.
You expend magic power (3 MP) to strengthen your wands.


Message History

Okay, then.
You hit the orc priest.
The orc priest is moderately wounded.
You slash the orc priest!
The orc priest is severely wounded.
The orc priest calls down the wrath of Beogh upon you.
Beogh smites you!
* * * LOW HITPOINT WARNING * * *
Your crystal plate armour prevents you from hitting the orc priest.
The orc priest is severely wounded.
The orc priest completely misses you.
You riposte.
You hit the orc priest.
The orc priest is severely wounded.
Your crystal plate armour prevents you from hitting the orc priest.
The orc priest is severely wounded.
The orc priest barely misses you.
You hit the orc priest but do no damage.
The orc priest is severely wounded.
The orc priest calls down the wrath of Beogh upon you.
Beogh smites you!
You die...

##.# ##..###.# #)##
#.......#### #).#
##....#.....
#####.#####.####........
#.........#.####........
#......%..'....#........
#.........#........###..
.
#.........#..#..........
.
#......@.....####.#.....
#......o....... .......#
#.........#.##.#########
###.........# ........
## ### #.........#
#.#.#... #.....
#.........## #.#.#..<
#..##.####
.......#..##.##...#.#.
.........
........#.>##........#.
........##
#######.#...#.


You could see an orc priest.

Vanquished Creatures
  A centaur (D:5)
  A scorpion (D:5)
  A centaur zombie (D:5)
  A jelly (D:4)
  2 hounds
  A centaur skeleton (D:4)
  2 orc priests
  2 orc wizards (D:5)
  Crazy Yiuf (D:3)
  Terence (D:2)
  An iguana (D:4)
  2 worker ants
  3 gnolls (D:5)
  5 adders
  A shadow imp (D:5)
  2 dart slugs
  6 leopard geckos
  10 orcs
  5 bats
  6 giant cockroaches
  6 goblins
  13 hobgoblins
  A jackal (D:5)
  2 quokkas
  4 frilled lizards
  3 kobolds
  9 rats
92 creatures vanquished.

Vanquished Creatures (others)
  A wizard (D:3)
1 creature vanquished.

Grand Total: 93 creatures vanquished

Notes
Turn   | Place    | Note
-------+----------+-------------------------------------------
     0 | D:1      | Amnesiac the Halfling Monk began the quest for the Orb.
     0 | D:1      | Reached XP level 1. HP: 15/15 MP: 1/1
    49 | D:1      | Reached XP level 2. HP: 11/20 MP: 2/2
   818 | D:2      | Reached skill level 4 in Long Blades
   818 | D:2      | Reached XP level 3. HP: 25/25 MP: 3/3
   957 | D:3      | Found a bloodstained altar of Trog.
   958 | D:3      | Noticed a wizard
   963 | D:3      | Became a worshipper of Trog the Wrathful
   963 | D:3      | Reached * piety under Trog
   963 | D:3      | Reached ** piety under Trog
   963 | D:3      | Killed a wizard
  1738 | D:2      | Reached XP level 4. HP: 19/30 MP: 4/4
  2027 | D:2      | Noticed Terence
  2045 | D:2      | Killed Terence
  2045 | D:2      | Reached skill level 5 in Long Blades
  2124 | D:3      | Reached XP level 5. HP: 34/35 MP: 5/5
  2361 | D:3      | Found a runed door.
  2657 | D:3      | Noticed Crazy Yiuf
  2665 | D:3      | Killed Crazy Yiuf
  2724 | D:4      | Reached XP level 6. HP: 19/41 MP: 6/6
  2741 | D:4      | Found Yzokoud's Distillery.
  2816 | D:4      | Bought a potion of mutation for 27 gold pieces
  2933 | D:4      | Gained mutation: You have a pair of small antennae on your head. [potion of mutation]
  2934 | D:4      | Gained mutation: You expend magic power (3 MP) to strengthen your wands. [potion of mutation]
  3132 | D:4      | Reached skill level 6 in Long Blades
  3334 | D:4      | Noticed TotoDurand's ghost (novice DsFi)
  3352 | D:5      | Entered Level 5 of the Dungeon
  3389 | D:5      | Reached XP level 7. HP: 26/45 MP: 7/7
  3410 | D:5      | Found a deep blue altar of Sif Muna.
  3703 | D:5      | Found a white marble altar of Elyvilon.
  3735 | D:5      | Reached *** piety under Trog
  3735 | D:5      | Reached skill level 7 in Long Blades
  3735 | D:5      | Reached skill level 1 in Armour
  4159 | D:5      | HP: 2/45 [orc priest/divine providence (13)]
  4167 | D:5      | Killed from afar by an orc priest

Vault maps used:
D:1:      dpeg_arrival_arbitrary_c, minmay_door_square
D:2:      minmay_misc_feat_pillars, uniq_terence
D:3:      first_bread, trog_wizard, uniq_crazy_yiuf_cottage
D:4:      serial_shops, shop
D:5:      elyvilon_altar_3, led_sif_pool

Skill      XL: |  1  2  3  4  5  6  7 |
---------------+----------------------+-----
Long Blades    | 4 5 6 7 |  7.6
Dodging        | 4 |  4.8
Armour         | 2 |  2.5
Fighting       | |  2.6
Stealth        | |  2.1

Action                   |  1- 3 |  4- 6 |  7- 9 || total
-------------------------+-------+-------+-------++-------
Melee: Falchion          |   115 |   167 |   158 ||   440
  Use: Potion            |       |     4 |     2 ||     6
 Stab: Sleeping          |     1 |     5 |       ||     6
       Distracted        |     1 |       |       ||     1
  Eat: Chunk             |     3 |     5 |     3 ||    11
Armor: Leather armour    |    11 |    44 |       ||    55
       Crystal plate arm |       |       |   135 ||   135
Dodge: Dodged            |    84 |   135 |    33 ||   252
       Rpst.: Falchion   |    23 |    46 |     9 ||    78
